 Dungeon Crawl Stone Soup version 0.22-a0-433-gd2a9cce (webtiles) character file.

12493 Gorglomux the Fighter (level 11, -6/101 HPs)
             Began as a Minotaur Abyssal Knight on May 27, 2018.
             Was a High Priest of Lugonu.
             Mangled by a red ugly thing (20 damage)
             ... on level 11 of the Dungeon.
             The game lasted 00:14:19 (9798 turns).

Gorglomux the Fighter (Minotaur Abyssal Knight)     Turns: 9798, Time: 00:14:20

Health: -6/101     AC: 12    Str: 20    XL:     11   Next: 63%
Magic:  25/25      EV:  8    Int: 14    God:    Lugonu [*****.]
Gold:   800        SH: 17    Dex: 10    Spells: 10/10 levels left

rFire    . . .     SeeInvis .   J - +11 long sword of Extermination {flame, MP+9 Str-3 Int+5}
rCold    . . .     Gourm    .   k - +0 large shield
rNeg     . . .     Faith    .   f - +0 ring mail
rPois    .         Spirit   .   (helmet restricted)
rElec    .         Reflect  .   E - +0 cloak
rCorr    .         Harm     .   C - +2 pair of gloves {Str+3}
MR       .....                  (no boots)
Stlth    ..........             (no amulet)
HPRegen  0.26/turn              y - +3 ring of slaying
MPRegen  0.19/turn              V - ring of wizardry (curse)

@: no status effects
A: retaliatory headbutt, horns 2
a: Depart the Abyss, Bend Space, Banish, Corrupt, Enter the Abyss, Renounce
Religion


You were on level 11 of the Dungeon.
You worshipped Lugonu.
Lugonu was extremely pleased with you.
You were hungry.

You visited 1 branch of the dungeon, and saw 11 of its levels.
You visited the Abyss 1 time.

You collected 800 gold pieces.

Inventory:

Hand Weapons
 J - the +11 long sword of Extermination (weapon) {flame, MP+9 Str-3 Int+5}
   (You found it on level 5 of the Dungeon)

   It has been specially enchanted to burn those struck by it, causing extra
   injury to most foes and up to half again as much damage against particularly
   susceptible opponents.
   Big, fiery blades are also staple armaments of hydra-hunters.
   It affects your strength (-3).
   It affects your intelligence (+5).
   It affects your magic capacity (+9).
 R - a +1 war axe
 Y - a +2 hand axe of flaming
Armour
 f - a +0 ring mail (worn)
 k - a +0 large shield (worn)
 C - a +2 pair of gloves of strength (worn)
 E - a +0 cloak (worn)
Jewellery
 g - an uncursed ring of resist corrosion
 s - an uncursed ring of see invisible
 y - a +3 ring of slaying (left hand)
 S - a +3 ring of strength
 V - a cursed ring of wizardry (right hand)
Wands
 A - a wand of acid (17)
 D - a wand of digging (8)
 I - a wand of iceblast (9)
 P - a wand of paralysis (20)
Scrolls
 e - 3 scrolls of amnesia
 B - 3 scrolls of enchant armour
 L - 7 scrolls of enchant weapon
 M - 2 scrolls of magic mapping
 N - a scroll of remove curse {unknown}
 T - 3 scrolls of teleportation
 U - a scroll of fear
 X - a scroll of immolation
Potions
 d - a potion of brilliance
 h - 3 potions of flight
 o - a potion of lignification
 p - a potion of mutation {!q}
 q - 4 potions of might
 O - a potion of heal wounds
 Q - 3 potions of curing
 W - a potion of resistance
 Z - a potion of berserk rage
Comestibles
 c - 14 rations
 K - 5 chunks of flesh


   Skills:
 + Level 10.9 Fighting
 - Level 9.3 Axes
 + Level 10.6 Armour
 - Level 1.1 Dodging
 + Level 10.0 Shields
 + Level 8.9 Invocations


You had 10 spell levels left.
You didn't know any spells.
Your spell library contained the following spells:

 Spells                   Type           Power        Failure   Level  Hunger
 Magic Dart               Conj           #...         73%         1    ##.....
 Conjure Flame            Conj/Fire      #.......     97%         3    ####...
 Slow                     Hex            #.......     86%         2    ###....
 Mephitic Cloud           Conj/Pois/Air  #.......     97%         3    ####...
 Blink                    Tloc           N/A          86%         2    ###....
 Iskenderun's Mystic Bla  Conj           #.......     100%        4    #####..
 Animate Dead             Necr           N/A          100%        4    #####..
 Pain                     Necr           #...         73%         1    ##.....
 Animate Skeleton         Necr           N/A          73%         1    ##.....
 Vampiric Draining        Necr           #.........   97%         3    ####...
 Call Imp                 Summ           #.......     86%         2    ###....
 Regeneration             Chrm/Necr      #.........   97%         3    ####...
 Fulminant Prism          Conj/Hex       #.........   100%        4    #####..
 Dazzling Spray           Conj/Hex       #.....       97%         3    ####...
 Force Lance              Conj/Tloc      #.......     100%        4    #####..
 Searing Ray              Conj           #.....       86%         2    ###....


Dungeon Overview and Level Annotations

Branches:
Dungeon (11/15)            Temple (0/1) D:6            Lair (0/6) D:9
    Orc (0/2) D:10

Altars:
Gozag
Nemelex Xobeh
Sif Muna
Vehumet

Shops:
D:5 (   D:10 :

Portals:
Trove: D:11 (give 7 scrolls of blinking)

Annotations:
D:4 1 runed door
D:9 exclusion: statue
Abyss:1 Gastronok, Pikel, Psyche, Snorg


Innate Abilities, Weirdness & Mutations

You reflexively headbutt those who attack you in melee.
You have a pair of horns on your head.


Message History

You slice the red ugly thing like a ripe choko!!!
You burn the red ugly thing! You headbutt the red ugly thing!
The red ugly thing is severely wounded!
You block the red ugly thing's attack!
Butt barely miss the red ugly thing!
The red butt-ly thing is severely wounded!
You block the red ugly thing's attack! The red ugly thing claws you!!!
You are engulfed in flames!!!
You are too injured to fight recklessly!!!
You carve the red ugly thing like a ham!!!
You burn the red ugly thing!
The red ugly thing is almost dead!
The red butt-ly thing claws you!!!
You are engulfed in flames!!! * * * don't die
* * * You closely miss the red ugly thing!
The red ugly thing is almost dead!
The red ugly thing claws you! * * * don't die
* * * You are engulfed in flames!!!!!! rip

##.....###.......# #
##...##......#### #
##'##.......# #
#...........# #
########...........# #
...................# #
.............<.....'.
#
...................#..
#
..........@u.......'..
#
...................#.
. ........##########.#
. ........# .# .
........# ........#
........# .......


You could see a red ugly thing.

Vanquished Creatures
  Erolcha (D:9)
  Fannar (D:11)
  An unseen horror (D:9)
  An ugly thing (D:11)
  A cyclops (D:11)
  Maurice (D:10)
  Joseph (D:9)
  A guardian mummy (D:11)
  A troll (D:9)
  Sigmund (D:6)
  5 yaks (D:9)
  A human (D:8)
  A wyvern (D:10)
  2 hungry ghosts
  Menkaure (D:7)
  An acid dragon (D:11)
  2 orc warriors (D:10)
  3 ice beasts
  An eye of draining (D:10)
  3 sky beasts
  2 necrophages
  3 ogres
  2 centaurs
  4 big kobolds
  8 bullfrogs
  A scorpion (D:7)
  6 killer bees (D:10)
  12 wights
  4 howler monkeys
  4 crimson imps
  6 jellies
  3 hounds
  A bullfrog skeleton (D:7)
  2 centaur skeletons
  10 orc priests
  9 orc wizards
  4 iguanas
  Terence (D:2)
  5 worker ants
  2 hound zombies
  A hound skeleton (D:6)
  Robin (D:2)
  A howler monkey zombie (D:11)
  A howler monkey skeleton (D:7)
  A worker ant zombie (D:8)
  3 gnolls
  14 adders
  2 shadow imps
  An ooze (D:3)
  2 adder skeletons
  3 worms
  4 dart slugs
  6 leopard geckos
  55 orcs
  2 ball pythons
  7 giant cockroaches
  17 goblins
  5 hobgoblins
  11 jackals
  6 quokkas
  8 bats
  2 frilled lizards
  A jackal skeleton (D:8)
  28 kobolds
  A quokka zombie (D:8)
  12 rats
314 creatures vanquished.

Vanquished Creatures (others)
  A gargoyle (D:10)
  A jelly (D:7)
  An orc priest (D:10)
3 creatures vanquished.

Grand Total: 317 creatures vanquished

Notes
Turn   | Place    | Note
-------+----------+-------------------------------------------
     0 | Abyss:1  | Gorglomux the Minotaur Abyssal Knight began the quest for the Orb.
     0 | Abyss:1  | Reached XP level 1. HP: 19/19 MP: 1/1
    20 | D:1      | Escaped the Abyss
    95 | D:1      | Reached XP level 2. HP: 25/27 MP: 2/2
   266 | D:1      | Reached ** piety under Lugonu
   279 | D:1      | Reached skill level 3 in Axes
   458 | D:1      | Reached skill level 3 in Armour
   486 | D:1      | Reached XP level 3. HP: 33/33 MP: 3/3
   685 | D:2      | Noticed Terence
   872 | D:1      | Reached skill level 1 in Shields
  1060 | D:2      | Killed Terence
  1060 | D:2      | Reached XP level 4. HP: 32/41 MP: 4/4
  1284 | D:2      | Found a deep blue altar of Sif Muna.
  1537 | D:1      | HP: 1/41 [gnoll (5)]
  1578 | D:1      | HP: 1/41 [gnoll (6)]
  2068 | D:2      | Reached XP level 5. HP: 47/47 MP: 6/6
  2076 | D:2      | Noticed Robin
  2146 | D:2      | Reached *** piety under Lugonu
  2409 | D:2      | Killed Robin
  2514 | D:3      | Reached skill level 3 in Invocations
  3063 | D:4      | Reached XP level 6. HP: 56/56 MP: 7/7
  3113 | D:4      | Reached **** piety under Lugonu
  3205 | D:4      | Noticed a slave
  3208 | D:4      | Noticed Pikel
  3208 | D:4      | Noticed a slave
  3208 | D:4      | Noticed a slave
  3211 | D:4      | Noticed a slave
  3237 | D:4      | Banished Pikel
  3237 | D:4      | Reached skill level 3 in Shields
  3237 | D:4      | Reached XP level 7. HP: 42/61 MP: 8/8
  3615 | D:4      | Found a runed door.
  3666 | D:5      | Entered Level 5 of the Dungeon
  3732 | D:5      | Reached skill level 6 in Fighting
  3735 | D:5      | Got a steaming long sword
  3736 | D:5      | Identified the +11 long sword of Extermination {flame, MP+9 Str-3 Int+5} (You found it on level 5 of the Dungeon)
  3884 | D:5      | Reached XP level 8. HP: 46/70 MP: 10/10
  4078 | D:5      | Found Sent's Weapon Boutique.
  4333 | D:6      | Noticed Sigmund
  4339 | D:6      | Killed Sigmund
  4351 | D:6      | Reached skill level 6 in Armour
  4370 | D:6      | Found a sparkling altar of Nemelex Xobeh.
  4433 | D:6      | Reached skill level 6 in Axes
  4814 | D:6      | Found a staircase to the Ecumenical Temple.
  4930 | D:6      | Reached XP level 9. HP: 78/79 MP: 12/12
  5114 | D:7      | Found an opulent altar of Gozag.
  5180 | D:7      | Reached skill level 6 in Shields
  5189 | D:7      | Reached ***** piety under Lugonu
  5373 | D:7      | Found a sparkling altar of Nemelex Xobeh.
  5468 | D:7      | Noticed Menkaure
  5473 | D:7      | Killed Menkaure
  5622 | D:8      | Reached skill level 6 in Invocations
  6255 | D:9      | Noticed Joseph
  6267 | D:9      | Killed Joseph
  6308 | D:9      | Noticed an unseen horror
  6313 | D:9      | Killed an unseen horror
  6313 | D:9      | Reached XP level 10. HP: 25/90 MP: 14/14
  6560 | D:9      | Found a radiant altar of Vehumet.
  6806 | D:9      | Found a staircase to the Lair.
  6894 | D:9      | Noticed Erolcha
  6903 | D:9      | Killed Erolcha
  6903 | D:9      | Reached skill level 9 in Fighting
  7244 | D:9      | Reached skill level 9 in Armour
  7448 | D:9      | Noticed Gastronok
  7512 | D:9      | Banished Gastronok
  7512 | D:9      | Reached skill level 9 in Axes
  7808 | D:10     | Entered Level 10 of the Dungeon
  7908 | D:10     | Found a staircase to the Orcish Mines.
  7926 | D:10     | Noticed Maurice
  7969 | D:10     | Killed Maurice
  7969 | D:10     | Reached XP level 11. HP: 62/99 MP: 12/15
  8188 | D:10     | Reached skill level 9 in Shields
  8203 | D:10     | Found Zaunn's Book Boutique.
  8444 | D:10     | Found a sparkling altar of Nemelex Xobeh.
  8491 | D:10     | Noticed a two-headed ogre
  8508 | D:10     | Banished a two-headed ogre
  9214 | D:11     | Noticed a brown ugly thing
  9226 | D:11     | Killed a brown ugly thing
  9438 | D:11     | Noticed Psyche
  9440 | D:11     | Banished Psyche
  9493 | D:11     | Noticed Fannar
  9504 | D:11     | Killed Fannar
  9749 | D:11     | Noticed Snorg
  9750 | D:11     | Banished Snorg
  9761 | D:11     | Found a portal to a secret trove of treasure.
  9787 | D:11     | Noticed a red ugly thing
  9798 | D:11     | Mangled by a red ugly thing

Vault maps used:
D:1:      dpeg_arrival_tiny_a
D:2:      lemuel_blue_sif_altar, minmay_crystal_room, uniq_terence, uniq_robin
D:3:      first_ration, glass_columns_a
D:4:      minmay_misc_feat_chi, uniq_crazy_yiuf_cottage, uniq_pikel
D:5:      serial_corexii_hall, corexii_hall_statues_x,
          corexii_hall_statues_deadend, serial_shops, shop, nrook_mini_backslash
D:6:      minmay_temple_entry_butterflies, serial_bayou_ford_a,
          nemelex_spade_bored_becter, uniq_sigmund
D:7:      nicolae_overflow_crystal_walls, kennysheep_mini, uniq_menkaure
D:8:      grunt_pizzeria
D:9:      kennysheep_blocky_hall, vehumet_statue, lair_entry_dummy,
          uniq_erolcha, uniq_joseph, uniq_gastronok
D:10:     hiddenorc2_lemuel, serial_shops, shop, basic_altar, uniq_maurice
D:11:     cheibrodos_statue_roulette, nicolae_trove_entry_path_of_doom,
          uniq_psyche, uniq_fannar, uniq_snorg
Abyss:1:  hangedman_abyss_stitches_cave

Skill      XL: |  1  2  3  4  5  6  7  8  9 10 11 |
---------------+----------------------------------+-----
Invocations    | 2 3 4 5 6 7 8 |  8.9
Fighting       | 4 5 6 7 8 9 10 | 10.9
Axes           | 3 4 5 6 8 9 |  9.3
Armour         | 3 4 5 6 8 9 10 | 10.6
Shields        | 1 2 3 4 5 7 8 10 | 10.0
Dodging        | |  1.1

Action                   |  1- 3 |  4- 6 |  7- 9 | 10-12 || total
-------------------------+-------+-------+-------+-------++-------
Melee: Hand axe          |    92 |   119 |       |       ||   211
       Headbutt          |    10 |    18 |    27 |    42 ||    97
       War axe           |       |    33 |    39 |    11 ||    83
       Long sword        |       |       |   151 |   250 ||   401
       Unarmed           |       |       |       |     9 ||     9
Invok: Bend Space        |       |     3 |       |     2 ||     5
       Banish            |       |       |     1 |     9 ||    10
  Use: Scroll            |       |     1 |       |    18 ||    19
       Potion            |       |       |       |     1 ||     1
 Stab: Distracted        |       |       |     1 |       ||     1
  Eat: Chunk             |       |     8 |    10 |    13 ||    31
       Ration            |       |       |       |     1 ||     1
Armor: Ring mail         |    42 |    58 |    65 |    85 ||   250
       Leather armour    |     1 |       |       |       ||     1
       Skin              |       |       |       |    21 ||    21
Dodge: Dodged            |    28 |    40 |    52 |    69 ||   189
Block: Large shield      |    36 |   103 |   161 |   286 ||   586
       Rpst.: Long sword |       |       |    11 |    19 ||    30

Table legend:
 A = Spawn XP
 B = Non-spawn XP
 C = Spawn XP percentage of total XP
 D = Spawn monster count
 E = Non-spawn monster count
 F = Spawn count percentage of total count
 G = Total turns spent on level
                    A         B        C        D         E        F      G
               +---------+---------+-------+---------+---------+-------+---------
         Total |       0 |   17848 |   0.0 |       0 |     321 |   0.0 |  9798
               +---------+---------+-------+---------+---------+-------+---------
           D:1 |       0 |      73 |   0.0 |       0 |      27 |   0.0 |  1294
           D:2 |       0 |     180 |   0.0 |       0 |      39 |   0.0 |  1167
           D:3 |       0 |     118 |   0.0 |       0 |      18 |   0.0 |   540
           D:4 |       0 |     669 |   0.0 |       0 |      17 |   0.0 |   645
           D:5 |       0 |     593 |   0.0 |       0 |      14 |   0.0 |   585
           D:6 |       0 |    1336 |   0.0 |       0 |      39 |   0.0 |   849
           D:7 |       0 |     663 |   0.0 |       0 |      14 |   0.0 |   519
           D:8 |       0 |     524 |   0.0 |       0 |      19 |   0.0 |   594
           D:9 |       0 |    5710 |   0.0 |       0 |      39 |   0.0 |  1595
          D:10 |       0 |    4240 |   0.0 |       0 |      80 |   0.0 |  1356
          D:11 |       0 |    3742 |   0.0 |       0 |      15 |   0.0 |   634
               +---------+---------+-------+---------+---------+-------+---------
